 Dungeon Crawl Stone Soup version 0.18.1-48-g4cf74bf (webtiles) character file.

77 rjaguar3 the Digger (level 4, -2/24 HPs)
             Began as a Gargoyle Earth Elementalist on Sept 3, 2016.
             Was an Initiate of Vehumet.
             Shot with an arrow by a centaur (7 damage)
             ... on level 3 of the Dungeon.
             The game lasted 00:10:11 (2425 turns).

rjaguar3 the Digger (Gargoyle Earth Elementalist)   Turns: 2425, Time: 00:10:12

Health: -2/24      AC:  6    Str: 11    XL:     4   Next: 34%
Magic:  9/9        EV: 12    Int: 17    God:    Vehumet [......]
Gold:   117        SH:  0    Dex: 10    Spells: 2 memorised, 5 levels left

rFire  . . .     SeeInvis .     l - +2 dagger (speed)
rCold  . . .     Gourm    .     a - +0 robe
rNeg   + . .     Faith    .     (no shield)
rPois  ∞         Spirit   .     q - +0 helmet
rElec  +         Dismiss  .     (no cloak)
rCorr  .         Reflect  .     (no gloves)
SustAt .         Harm     .     (no boots)
MR     .....                    (no amulet)
Stlth  ++........               (no ring)
                                (no ring)

@: very slightly contaminated, hasted, very quick, not resistant to hostile
enchantments, unstealthy
A: negative energy resistance 1, electricity resistance, unbreathing,
petrification resistance, rot immunity, AC +3
a: Renounce Religion


You were on level 3 of the Dungeon.
You worshipped Vehumet.
Vehumet was noncommittal.
You were not hungry.

You visited 1 branch of the dungeon, and saw 3 of its levels.

You collected 117 gold pieces.

Inventory:

Hand Weapons
 e - a +0 dagger
 j - a +0 club
 l - a +2 dagger of speed (weapon)
Missiles
 b - 30 stones (quivered)
Armour
 a - a +0 robe (worn)
 q - a +0 helmet (worn)
Jewellery
 k - an uncursed amulet of rage
Wands
 u - a wand of teleportation (6/9)
Scrolls
 h - 6 scrolls of identify {unknown}
 m - a scroll of fog {unknown}
 p - 2 scrolls of remove curse {unknown}
 s - a scroll of enchant weapon {unknown}
 t - a scroll of amnesia {unknown}
 v - a scroll of recharging {unknown}
 w - a scroll of blinking {unknown}
Potions
 o - a potion of curing {unknown}
 r - a potion of beneficial mutation {unknown}
 x - a potion of haste
Books
 c - a book of Geomancy

   Spells                             Type                      Level
   a - Sandblast                      Earth                        1
   b - Passwall                       Transmutation/Earth          2
   c - Stone Arrow                    Conjuration/Earth            3
   d - Petrify                        Transmutation/Earth          4
   e - Lee's Rapid Deconstruction     Earth                        5
Comestibles
 d - 2 bread rations
 f - 5 chunks of flesh
 g - a meat ration
 i - a slice of pizza
 n - a royal jelly


   Skills:
 - Level 1.5 Dodging
 - Level 2.1 Stealth
 * Level 3.4 Spellcasting
 + Level 0.2 Conjurations
   Level 0.7 Transmutations
 + Level 4.6 Earth Magic


You had 5 spell levels left.
You knew the following spells:

 Your Spells              Type           Power        Failure   Level  Hunger
a - Sandblast             Erth           ###...       2%          1    None
b - Stone Arrow           Conj/Erth      ##....       21%         3    ###....


Dungeon Overview and Level Annotations

Branches:
Dungeon (3/15)

Altars:
Cheibriados
Dithmenos
Elyvilon
Trog
Vehumet
The Shining One

Annotations:
D:2 Terence


Innate Abilities, Weirdness & Mutations

You are resistant to torment.
Your stone body is resilient (AC +3).
You are immune to poison.
You resist negative energy.
You are resistant to electric shocks.
You can survive without breathing.
You are immune to petrification.
You are immune to rotting.


Message History

A centaur comes into view.
The centaur shouts!
The centaur wields a shortbow.
The centaur shoots an arrow.
The arrow hits you.
You see here an arrow.
The centaur shoots an arrow.
The arrow hits you.
The centaur shoots an arrow.
The arrow misses you.
You see here an arrow.
The centaur shoots an arrow.
The arrow hits you.
You see here 2 arrows.
The centaur shoots an arrow.
The arrow hits you!
Ouch! That really hurt!
* * * LOW HITPOINT WARNING * * *
You see here an arrow.
Drink which item? (? for menu, Esc to quit)
It was a potion of haste.
You feel yourself speed up.
The centaur shoots an arrow.
The arrow barely misses you.
You are very lightly contaminated with residual magic.
The centaur shoots an arrow.
The arrow barely misses you.
The centaur shoots an arrow.
The arrow hits you!
You die...

#.#..# #.#.c #.#.#
#######'#(#..
#.......(.# . .
#.........# .## ..
#......(.(# ..# ...
###.........###.# ....
+.......(@...÷..# .....
#########.##....#......
.........+........#
#######.##....###.#
#.##....# #.##....#
#<##..... ####...#.#
#####.#


You could see a centaur.

Vanquished Creatures
  2 adders (D:2)
  3 worms (D:2)
  A dart slug (D:1)
  A giant gecko (D:1)
  12 bats
  A giant cockroach (D:1)
  6 goblins
  7 hobgoblins
  5 giant newts
  5 kobolds
  7 rats
50 creatures vanquished.

Notes
Turn   | Place    | Note
--------------------------------------------------------------
     0 | D:1      | rjaguar3 the Gargoyle Earth Elementalist began the quest for the Orb.
     0 | D:1      | Reached XP level 1. HP: 10/10 MP: 3/3
   225 | D:1      | Reached XP level 2. HP: 15/15 MP: 3/5
   399 | D:1      | Reached skill level 4 in Earth Magic
   605 | D:1      | Reached XP level 3. HP: 19/19 MP: 5/7
  1419 | D:2      | Reached XP level 4. HP: 24/24 MP: 3/9
  1515 | D:2      | Learned a level 3 spell: Stone Arrow
  1765 | D:2      | Noticed Terence
  2202 | D:2      | Found a radiant altar of Vehumet.
  2204 | D:2      | Found a white marble altar of Elyvilon.
  2211 | D:2      | Found a shadowy altar of Dithmenos.
  2211 | D:2      | Found a glowing golden altar of the Shining One.
  2211 | D:2      | Found a snail-covered altar of Cheibriados.
  2245 | D:2      | Became a worshipper of Vehumet
  2247 | D:2      | Found a bloodstained altar of Trog.
  2418 | D:3      | Noticed a centaur
  2425 | D:3      | Shot with an arrow by a centaur

Skill      XL: |  1  2  3 |
---------------+----------+-----
Earth Magic    | 4 |  4.6
Spellcasting   | 3 |  3.4
Dodging        | |  1.5
Stealth        | |  2.1
Conjurations   | |  0.2
Transmutations | |  0.7

Action                   |  1- 3 |  4- 6 || total
-------------------------+-------+-------++-------
Melee: Dagger            |     4 |    45 ||    49
 Cast: Sandblast         |    62 |     9 ||    71
  Use: Potion            |       |     1 ||     1
 Stab: Sleeping          |       |     1 ||     1
  Eat: Chunk             |     2 |     3 ||     5
Armor: Robe              |     8 |    16 ||    24
Dodge: Dodged            |     8 |    39 ||    47
